 Dungeon Crawl Stone Soup version 0.31-a0-1591-g515db51633 (webtiles) character file.

Game seed: 18368908916531954595

2225 timneilson the Shield-Bearer (level 9, -4/54 HPs)
             Began as a Gargoyle Fighter on Jan 5, 2024.
             Was a Follower of Qazlal.
             Blown up by Maurice (18 damage)
             ... with a mindburst bolt
             ... on level 7 of the Dungeon on Jan 7, 2024.
             The game lasted 00:13:05 (5394 turns).

timneilson the Shield-Bearer (Gargoyle Fighter)     Turns: 5394, Time: 00:13:06

Health: -4/54      AC: 19    Str: 25    XL:     9   Next: 35%
Magic:  5/10       EV: 10    Int: 10    God:    Qazlal [*.....]
Gold:   94         SH:  8    Dex: 19    Spells: 8/8 levels left

rFire   . . .        m - +3 long sword
rCold   . . .        c - +0 buckler
rNeg    + . .        f - +0 chain mail
rPois   ∞            (no helmet)
rElec   +            p - +0 cloak
rCorr   .            l - +0 pair of gloves
SInv    .            (no boots)
Will    .....        s - amulet of regeneration Stlth
                     q - +6 ring of strength
HPRegen 1.09/turn    k - +6 ring of dexterity
MPRegen 0.12/turn

%: no passive effects
@: no status effects
A: sickness immunity, AC +6, negative energy resistance 1, electricity
resistance, torment resistance 1, petrification resistance
a: Renounce Religion


You were on level 7 of the Dungeon.
You worshipped Qazlal.
Qazlal was aware of your devotion.
You visited 2 branches of the dungeon, and saw 8 of its levels.

You collected 394 gold pieces.
You spent 300 gold pieces at shops.

Inventory:

Hand Weapons
 m - a +3 long sword (weapon)
Armour
 c - a +0 buckler (worn)
 f - a +0 chain mail (worn)
 l - a +0 pair of gloves (worn)
 p - a +0 cloak (worn)
Jewellery
 i - a ring of protection from cold
 k - a +6 ring of dexterity (right hand)
 q - a +6 ring of strength (left hand)
 s - an amulet of regeneration (around neck)
Wands
 e - a wand of roots (16)
 r - a wand of paralysis (23)
Scrolls
 b - 2 scrolls of teleportation
 g - a scroll of poison
 t - a scroll of immolation {unknown}
Potions
 a - a potion of brilliance {unknown}
 d - a potion of lignification {unknown}
 h - 3 potions of attraction
 n - a potion of magic {unknown}
 o - a potion of heal wounds


   Skills:
 + Level 5.5 Fighting
 * Level 5.4 Long Blades
 * Level 7.1 Armour
 + Level 3.0 Dodging
 * Level 7.1 Shields
 + Level 2.3 Invocations
 + Level 2.5 Evocations


You had 8 spell levels left.
You didn't know any spells.
Your spell library contained the following spells:

 Spells                   Type           Power      Damage    Failure   Level
 Foxfire                  Conj/Fire      0%         2x1d4     90%         1
 Lesser Beckoning         Tloc           0%         N/A       97%         2
 Gell's Gravitas          Tloc           0%         N/A       99%         3
 Teleport Other           Tloc           0%         N/A       99%         3
 Tukima's Dance           Hex            0%         N/A       99%         3
 Dimensional Bullseye     Hex/Tloc       0%         N/A       100%        4
 Iskenderun's Mystic Bla  Conj/Tloc      0%         2d3       100%        4
 Summon Forest            Summ/Tloc      0%         N/A       100%        5
 Eringya's Noxious Bog    Alch           0%         4d6       100%        6
 Plasma Beam              Fire/Air       0%         2x1d10    100%        6
 Starburst                Conj/Fire      0%         6d3       100%        6
 Summon Hydra             Summ           0%         N/A       100%        7


Dungeon Overview and Level Annotations

Branches:
Dungeon (7/15)             Temple (1/1) D:6

Altars:
Ashenzari
Cheibriados
Dithmenos
Elyvilon
Gozag
Hepliaklqana
Kikubaaqudgha
Nemelex Xobeh
Okawaru
Qazlal
Sif Muna
Trog
Uskayaw
Vehumet
Xom
Yredelemnul
Zin

Shops:
D:3 (?   D:5 [*   D:7 =

Annotations:
D:3 2 transporters, experimilk's ghost, amateur KoHs
D:7 Maurice


Innate Abilities, Weirdness & Mutations

You are immune to sickness and miasma.
Your stone body is resilient. (AC +6)
You are immune to poison.
You resist negative energy. (rN+)
You are resistant to electric shocks. (rElec)
You are resistant to unholy torment.
You are immune to petrification.


Message History

You hit something. Something hits you but does no damage. Something bites you.
You feel your power leaking away. Something drains your magic.
You closely miss something. Something hits you but does no damage.
Something bites you but does no damage.
You closely miss something. You block something's attack. Something bites you.
You feel your power leaking away. Something drains your magic.
You barely miss something. Something hits you but does no damage.
Something bites you but does no damage.
You hear a zap.
Your mind is blasted!
* * * LOW HITPOINT WARNING * * *
Unknown command.
Aiming: Fastroot
Press: ? - help, Shift-Dir - straight line The roots erupt in riotous growth!
Roots grab something.
The grasping roots constrict something!
Something hits you but does no damage. Something completely misses you.
Unknown command.
You slash something!
The grasping roots constrict something!
Something hits you but does no damage. Something bites you but does no damage.
You feel much better.
You hear some strange, mumbled words.
You hear a zap.
Your mind is blasted!
You hear a zap.
Your mind is blasted!
You miss something. Something hits you. Something steals your ring of flight!
Something bites you!
* * * LOW HITPOINT WARNING * * *
You feel your power leaking away. Something drains your magic.
You miss something. Something hits you but does no damage.
Something bites you but does no damage.
You closely miss something.
You hear a zap.
Your mind is blasted!
You die...

............#####'###....
............#.......+....
............#.......#....
............#########....
#####+####...............
.........#...............
.........#...............
.........+........)......
######+#####..##@#............)..
..##.....#######.##..............
..............#...#.....##'######
..............#...#.....#...# #
..............#...'.....#...# #
......).......#...#.....#...# #
#.####.<[###..#####.....#########
#.######## #))#..^.†............#
..............#.................#


There were no monsters in sight!

Vanquished Creatures
  A gargoyle (D:6)
  Menkaure (D:4)
  An ogre (D:4)
  An ice beast (D:5)
  2 sky beasts
  A centaur (D:5)
  A scorpion (D:5)
  11 wights
  A howler monkey (D:7)
  An orc priest (D:6)
  A bombardier beetle (D:4)
  5 hounds
  2 jellies (D:6)
  A sleepcap (D:7)
  Terence (D:3)
  6 iguanas
  2 orc wizards (D:6)
  5 adders
  2 ufetubi (D:5)
  5 dart slugs
  4 ribbon worms
  16 orcs
  5 bats
  7 endoplasms
  3 giant cockroaches
  10 hobgoblins
  6 jackals
  7 quokkas
  10 ball pythons
  2 frilled lizards
  11 goblins
  11 kobolds
  4 rats
147 creatures vanquished.

Notes
Turn   | Place    | Note
-------+----------+-------------------------------------------
     0 | D:1      | timneilson the Gargoyle Fighter began the quest for the
                  | Orb.
     0 | D:1      | Reached XP level 1. HP: 14/14 MP: 1/1
   108 | D:1      | Reached XP level 2. HP: 10/19 MP: 2/2
   342 | D:1      | Reached XP level 3. HP: 23/23 MP: 3/3
   923 | D:2      | Reached XP level 4. HP: 28/28 MP: 4/4
  1657 | D:3      | Found a transporter.
  1663 | D:3      | Noticed experimilk's ghost (amateur KoHs)
  1693 | D:3      | Found Vahow's Weapon Shop.
  1694 | D:3      | Noticed Terence
  1711 | D:3      | Reached skill level 1 in Dodging
  1720 | D:3      | Killed Terence
  1721 | D:3      | Reached XP level 5. HP: 32/33 MP: 2/5
  1795 | D:3      | Found a transporter.
  2286 | D:3      | Found Axzuh's Magic Scroll Shoppe.
  2443 | D:4      | Found a glowing silver altar of Zin.
  2476 | D:4      | Noticed Menkaure
  2490 | D:4      | HP: 1/33 [Menkaure (5)]
  2493 | D:4      | Killed Menkaure
  2494 | D:4      | Reached XP level 6. HP: 14/38 MP: 0/6
  2774 | D:4      | Reached skill level 5 in Shields
  2817 | D:4      | Found a faded altar of an unknown god.
  2906 | D:4      | Reached skill level 5 in Armour
  3071 | D:5      | Entered Level 5 of the Dungeon
  3071 | D:5      | Found Otiuh's Antique Armour Boutique.
  3095 | D:4      | Reached XP level 7. HP: 27/43 MP: 5/7
  3548 | D:5      | Found a broken altar of Ashenzari.
  3623 | D:5      | Found an iron altar of Okawaru.
  3685 | D:5      | Found a shadowy altar of Dithmenos.
  3808 | D:5      | Reached skill level 1 in Evocations
  3844 | D:5      | Found a white marble altar of Elyvilon.
  3844 | D:5      | Found a shimmering altar of Xom.
  3852 | D:5      | Found a stormy altar of Qazlal.
  3854 | D:5      | Found an ancient bone altar of Kikubaaqudgha.
  3855 | D:5      | Found a basalt altar of Yredelemnul.
  3971 | D:5      | Found Ipae's Neck Hole.
  3978 | D:5      | Bought an amulet of regeneration for 300 gold pieces
  4136 | D:5      | Became a worshipper of Qazlal Stormbringer
  4175 | D:5      | Reached XP level 8. HP: 48/48 MP: 8/8
  4548 | D:6      | Noticed a gargoyle
  4561 | D:6      | Killed a gargoyle
  4562 | D:6      | Reached skill level 5 in Fighting
  4562 | D:6      | Reached skill level 1 in Invocations
  4779 | D:6      | Found a staircase to the Ecumenical Temple.
  4788 | Temple   | Entered the Ecumenical Temple
  4967 | D:6      | Reached skill level 5 in Long Blades
  5001 | D:7      | Reached * piety under Qazlal
  5002 | D:7      | Reached XP level 9. HP: 49/54 MP: 10/10
  5056 | D:7      | Found Lymmiwk's Jewellery Boutique.
  5193 | D:7      | Upgraded the game from 0.31-a0-1589-g8f5e8aebd6 to
                  | 0.31-a0-1591-g515db51633
  5369 | D:7      | Noticed Maurice
  5392 | D:7      | Something stole a ring of flight
  5394 | D:7      | Blown up by Maurice

Illustrated notes

Levels and vault maps discovered:
D:1:      lightli_arrival_flooded_house, layout_rooms
D:2:      layout_basic, chequers_serial_rivers_small_b
D:3:      layout_loops_ring, gammafunk_ghost_stat_death, serial_shops, shop,
          shop, minmay_gold_behind_fungi, kennysheep_generic_room_14,
          uniq_terence
D:4:      layout_cave_pools, zin_statuary, serial_column_ruins,
          column_ruins_temple_hall, column_ruins_square_huge,
          column_ruins_open_tiny, column_ruins_grid_1, column_ruins_open_small,
          column_ruins_open_tiny, uniq_menkaure
D:5:      layout_gridville, nicolae_overflow_crystal_walls,
          okawaru_metal_pillars_1_2, ashenzari_conservatory_becter,
          chequers_temple_overflow_minitemple, serial_shops,
          nicolae_shop_overgrown_old_shop, kennysheep_path_1,
          nicolae_shop_sticking_my_neck_out
D:6:      layout_basic, lemuel_temple_firewalk_b
D:7:      layout_gridville, mainiacjoe_overflow_alcove_2,
          minmay_shop_enchanted_jewellery, uniq_maurice, uniq_pikel
Temple:   hellmonk_temple_beads

Skill      XL: |  1  2  3  4  5  6  7  8  9 |
---------------+----------------------------+-----
Long Blades    | 2 3 4 5 |  5.4
Shields        | 4 5 6 7 |  7.1
Armour         | 4 5 6 7 |  7.1
Dodging        | 1 2 3 |  3.0
Fighting       | 4 5 |  5.5
Evocations     | 1 2 |  2.5
Invocations    | 1 2 |  2.3

Action                     |  1- 3 |  4- 6 |  7- 9 || total
---------------------------+-------+-------+-------++-------
  Melee: Long sword        |   139 |   215 |   300 ||   654
  Evoke: Wand              |       |       |     2 ||     2
    Use: Scroll            |     2 |     4 |     1 ||     7
         Potion            |       |     3 |     4 ||     7
 Armour: Scale mail        |    78 |       |       ||    78
         Chain mail        |    35 |   197 |   230 ||   462
  Dodge: Dodged            |    64 |    93 |   100 ||   257
  Block: Buckler           |    44 |    66 |    84 ||   194

Table legend: (Time is in decaauts)
 A = Elapsed time spent in this place.
 B = Non-inter-level travel time spent in this place.
 C = Inter-level travel time spent in this place.
 D = Time resting spent in this place.
 E = Time spent auto-exploring this place.
 F = Levels seen in this place.
 G = Mean time per level.
                   A        B        C        D        E       F      G
               +--------+--------+--------+--------+--------+-----+--------+
         Total |   5553 |   5328 |    225 |    368 |   3255 |   8 |  694.1 |
       Dungeon |   5551 |   5326 |    225 |    368 |   3255 |   7 |  793.0 |
        Temple |      1 |      1 |      0 |      0 |      0 |   1 |    1.0 |
               +--------+--------+--------+--------+--------+-----+--------+

Top non-repeatable levels by time:
     D:2: 986 daAuts
     D:3: 874 daAuts
     D:4: 857 daAuts
     D:5: 855 daAuts
     D:6: 829 daAuts
     D:1: 733 daAuts
     D:7: 415 daAuts
  Temple: 1 daAuts
